 Dungeon Crawl Stone Soup version 0.28-a0-664-gc179e30c89 (webtiles) character file.

Game seed: 10612574918880791608

1570 ytrimaz the Protected (level 9, 0/58 (66) HPs)
             Began as a Formicid Fighter on Oct 15, 2021.
             Was a Follower of Ashenzari.
             Slain by a wight (2 damage)
             ... on level 6 of the Dungeon.
             The game lasted 00:07:35 (5695 turns).

ytrimaz the Protected (Formicid Fighter)            Turns: 5695, Time: 00:07:36

HP:   0/58 (66)     AC: 17    Str: 24    XL:     9   Next: 13%
MP:   9/9           EV:  8    Int:  8    God:    Ashenzari [*.....]
Gold: 206           SH:  4    Dex: 10    Spells: 9/9 levels left

rFire   + . .      SeeInvis +   k - +2 short sword (elec)
rCold   . . .      Faith    .   c - +0 buckler "Cursed Jealousy" {Range, Melee} (curse)
rNeg    . . .      Spirit   .   y - +1 chain mail
rPois   .          Reflect  .   (helmet unavailable)
rElec   .          Harm     .   (no cloak)
rCorr   .          Rampage  .   u - +0 pair of gloves of Ashenzari's Urgency {Range, Comp} (curse)
Will    .....                   (no boots)
Stlth   ..........              (no amulet)
HPRegen 0.19/turn               n - ring of protection from fire
MPRegen 0.11/turn               t - +4 ring of protection

@: heavily drained
A: permanent stasis, dig shafts and tunnels, antennae 3, four strong arms
a: Dig, Shaft Self, Renounce Religion, Shatter the Chains


You were on level 6 of the Dungeon.
You worshipped Ashenzari.
Ashenzari was aware of your devotion.
You visited 2 branches of the dungeon, and saw 7 of its levels.

You collected 206 gold pieces.

Inventory:

Hand Weapons
 a - a +0 war axe
 k - a +2 short sword of electrocution (weapon)
Armour
 c - the cursed +0 buckler "Cursed Jealousy" (worn) {Range, Melee}

   It has a curse which improves the following skills: Ranged Combat: Slings,
   Bows, Crossbows and Throwing.
   Melee Combat: Short Blades, Long Blades, Axes, Maces & Flails, Polearms,
   Staves and Unarmed Combat.
 u - the cursed +0 pair of gloves of Ashenzari's Urgency (worn) {Range, Comp}
   (You found it on level 5 of the Dungeon)

   It has a curse which improves the following skills: Ranged Combat: Slings,
   Bows, Crossbows and Throwing.
   Companions: Summonings and Necromancy.
 y - a +1 chain mail (worn)
Jewellery
 n - a ring of protection from fire (left hand)
 t - a +4 ring of protection (right hand)
Wands
 s - a wand of digging (8)
 v - a wand of polymorph (8)
Scrolls
 e - a scroll of vulnerability
 f - a scroll of immolation
 j - a scroll of enchant weapon
 m - 2 scrolls of fog
 o - a scroll of magic mapping
 w - a scroll of holy word
Potions
 d - a potion of might
 g - a potion of magic
 h - a potion of experience
 i - a potion of attraction
 l - a potion of mutation
 p - a potion of invisibility
 q - 3 potions of curing
 r - a potion of brilliance


   Skills:
 + Level 4.5 Fighting
 * Level 6.5(7.5) Short Blades
 - Level 2.5(3.4) Axes
 - Level 0.3(1.7) Maces & Flails
 - Level 0.4(1.8) Polearms
 * Level 8.8 Armour
 - Level 0.2 Dodging
 - Level 0.7 Stealth
 - Level 4.1 Shields
 - Level 0.6(1.1) Unarmed Combat
 - Level 0.5 Spellcasting


You had 9 spell levels left.
You didn't know any spells.
Your spell library contained the following spells:

 Spells                   Type           Power      Damage    Failure   Level
 Foxfire                  Conj/Fire      0%         2x1d4     93%         1
 Conjure Flame            Conj/Fire      0%         6-21      100%        3
 Inner Flame              Hex/Fire       0%         N/A       100%        3
 Lesser Beckoning         Tloc           0%         N/A       100%        3
 Cause Fear               Hex            0%         N/A       100%        4
 Flame Wave               Conj/Fire      0%         3d3       100%        4
 Manifold Assault         Tloc           0%         N/A       100%        5
 Discord                  Hex            0%         N/A       100%        8
 Blink                    Tloc           Unusable   N/A       N/A         2

Dungeon Overview and Level Annotations

Branches:
Dungeon (6/15)             Temple (1/1) D:4

Altars:
Ashenzari
Cheibriados
Gozag
Kikubaaqudgha
Makhleb
Okawaru
Ru
Sif Muna
Trog
Zin
The Shining One
Jiyva


Innate Abilities, Weirdness & Mutations

You cannot be hasted, slowed, berserked, paralysed or teleported.
You can dig through walls and to a lower floor.
You have a pair of large antennae on your head. (SInv)
Your four strong arms can wield two-handed weapons with a shield.


Message History

You closely miss the wight. The wight hits you but does no damage.
You hit the wight but do no damage.
Unknown command.
You hit the wight.
The wight is moderately damaged.
You block the wight's attack.
You completely miss the wight.
The wight is moderately damaged.
The wight hits you with a +5 scimitar!
* * * LOW HITPOINT WARNING * * *
You feel drained.
* * * LOW HITPOINT WARNING * * *
You hit the wight.
The wight is severely damaged.
The wight hits you with a +5 scimitar.
* * * LOW HITPOINT WARNING * * *
You feel drained.
* * * LOW HITPOINT WARNING * * *
Unknown command.
You barely miss the wight.
The wight is severely damaged.
You closely miss the wight.
The wight is severely damaged.
The wight hits you with a +5 scimitar.
* * * LOW HITPOINT WARNING * * *
You feel drained.
* * * LOW HITPOINT WARNING * * *
You feel much better. The wight hits you with a +5 scimitar!
* * * LOW HITPOINT WARNING * * *
You feel drained.
* * * LOW HITPOINT WARNING * * *
You hit the wight but do no damage.
The wight is severely damaged.
The wight hits you but does no damage.
You hit the wight but do no damage.
The wight is heavily damaged.
The wight hits you with a +5 scimitar.
* * * LOW HITPOINT WARNING * * *
You feel drained.
You die...

... ..( .... ?....
######## ####.....
#.(...<######.....#
#........@z.......#
#############.#####
#.....#
........###.#
.....[...
........##
......... .........
.........


You could see a wight.

Vanquished Creatures
  Prince Ribbit (D:5)
  The ghost of Derith the Bolt Thrower, an amateur DDHu of Xom (D:3)
  A sky beast (D:5)
  A necrophage (D:6)
  3 ogres
  An ice beast (D:5)
  2 scorpions (D:4)
  A wyvern skeleton (D:6)
  4 wights (D:6)
  A howler monkey (D:5)
  2 hounds
  An orc priest (D:5)
  2 iguanas (D:5)
  3 orc wizards
  3 adders
  2 shadow imps (D:5)
  2 ufetubi
  A worm (D:3)
  2 dart slugs
  7 orcs
  6 endoplasms
  4 giant cockroaches
  8 hobgoblins
  4 jackals (D:1)
  5 kobolds
  2 quokkas (D:1)
  4 ball pythons (D:1)
  2 bats (D:1)
  4 frilled lizards
  12 goblins
  3 rats
95 creatures vanquished.

Notes
Turn   | Place    | Note
-------+----------+-------------------------------------------
     0 | D:1      | ytrimaz the Formicid Fighter began the quest for the Orb.
     0 | D:1      | Reached XP level 1. HP: 18/18 MP: 1/1
   165 | D:1      | Reached XP level 2. HP: 17/24 MP: 2/2
   556 | D:1      | Reached XP level 3. HP: 27/29 MP: 3/3
   625 | D:1      | Found a faded altar of an unknown god.
  1481 | D:2      | Reached XP level 4. HP: 29/35 MP: 4/4
  2075 | D:3      | Found a runed translucent door.
  2089 | D:3      | Noticed Derith's ghost (amateur DDHu)
  2159 | D:3      | Found a broken altar of Ashenzari.
  2194 | D:3      | Became a worshipper of Ashenzari the Shackled
  2662 | D:3      | Killed Derith's ghost
  2663 | D:3      | Reached skill level 4 in Armour
  2663 | D:3      | Reached XP level 5. HP: 12/41 MP: 5/5
  2663 | D:3      | Reached XP level 6. HP: 14/47 MP: 6/6
  2986 | D:4      | Reached skill level 5 in Armour
  3204 | D:4      | Found a staircase to the Ecumenical Temple.
  3213 | Temple   | Entered the Ecumenical Temple
  3361 | D:4      | Found an iron altar of Okawaru.
  3454 | D:4      | Reached XP level 7. HP: 30/53 MP: 7/7
  3825 | D:4      | Reached skill level 6 in Armour
  4036 | D:5      | Entered Level 5 of the Dungeon
  4053 | D:5      | Noticed Prince Ribbit
  4090 | D:5      | Killed Prince Ribbit
  4101 | D:5      | Reached skill level 7 in Armour
  4101 | D:5      | Reached XP level 8. HP: 38/60 MP: 8/8
  4900 | D:5      | Reached * piety under Ashenzari
  4942 | D:5      | Reached skill level 5 in Short Blades
  4957 | D:5      | Reached skill level 8 in Armour
  5654 | D:6      | Reached XP level 9. HP: 36/66 MP: 9/9
  5695 | D:6      | HP: 2/59 [wight (6)]
  5695 | D:6      | Slain by a wight

Illustrated notes

Levels and vault maps discovered:
D:1:      nicolae_arrival_somewhat_less_tricky_arrival, layout_rooms,
          hellmonk_ecumenical_altar_heavens_door, minmay_tripent
D:2:      layout_loops_ring, serial_glass, glass_columns_c, glass_columns_a,
          item_on_display_a, feat_on_display, item_on_display_a
D:3:      layout_loops_ring, mainiacjoe_overflow_catwalk,
          hellmonk_ghost_happy_afterlife, minivault_11,
          amcnicky_mini_pool_small, kennysheep_generic_room_8
D:4:      kennysheep_the_goblin_king, layout_rooms,
          mainiacjoe_overflow_tiny_flanked, minmay_temple_entry_antechambers
D:5:      layout_loops_ring, kennysheep_minor_cross, uniq_prince_ribbit1
D:6:      layout_basic
Temple:   pf_slimified_temple

Skill      XL: |  1  2  3  4  5  6  7  8 |
---------------+-------------------------+-----
Shields        | 4 |  4.1
Short Blades   | 2 3 4 6 |  6.5
Armour         | 4 5 7 8 |  8.8
Fighting       | 4 |  4.5
Axes           | |  2.5
Maces & Flails | |  0.3
Polearms       | |  0.4
Dodging        | |  0.2
Stealth        | |  0.7
Unarmed Combat | |  0.6
Spellcasting   | |  0.5

Action                   |  1- 3 |  4- 6 |  7- 9 || total
-------------------------+-------+-------+-------++-------
Melee: War axe           |    80 |       |       ||    80
       Short sword       |    24 |    71 |   179 ||   274
Invok: Curse Item        |       |       |     2 ||     2
  Use: Potion            |       |     1 |     3 ||     4
       Scroll            |       |       |     1 ||     1
Armor: Scale mail        |    84 |    22 |    50 ||   156
       Chain mail        |       |       |    18 ||    18
Dodge: Dodged            |    59 |    29 |    55 ||   143
Block: Buckler           |    42 |    10 |    25 ||    77

Table legend: (Time is in decaauts)
 A = Elapsed time spent in this place.
 B = Non-inter-level travel time spent in this place.
 C = Inter-level travel time spent in this place.
 D = Time resting spent in this place.
 E = Time spent auto-exploring this place.
 F = Levels seen in this place.
 G = Mean time per level.
                   A        B        C        D        E       F      G
               +--------+--------+--------+--------+--------+-----+--------+
         Total |   5699 |   5444 |    255 |    147 |   4213 |   7 |  814.1 |
       Dungeon |   5589 |   5334 |    255 |    147 |   4135 |   6 |  931.5 |
        Temple |    109 |    109 |      0 |      0 |     78 |   1 |  109.0 |
               +--------+--------+--------+--------+--------+-----+--------+

Top non-repeatable levels by time:
     D:5: 1396 daAuts
     D:4: 1185 daAuts
     D:1: 1162 daAuts
     D:3: 907 daAuts
     D:2: 871 daAuts
  Temple: 109 daAuts
     D:6: 66 daAuts
